 Dungeon Crawl Stone Soup version 0.28-a0-172-g787e458d71 (webtiles) character file.

Game seed: 17976587261708178261

44 spiderkeys the Conjurer (level 3, -8/24 HPs)
             Began as a Demonspawn Conjurer on Aug 16, 2021.
             Mangled by Crazy Yiuf (14 damage)
             ... on level 2 of the Dungeon.
             The game lasted 00:03:41 (2250 turns).

spiderkeys the Conjurer (Demonspawn Conjurer)       Turns: 2250, Time: 00:03:42

Health: -8/24      AC:  2    Str:  7    XL:     3   Next: 39%
Magic:  2/7        EV: 12    Int: 20    God:
Gold:   67         SH:  0    Dex: 11    Spells: 4/7 levels left

rFire   . . .      SeeInvis .   g - +2 mace (vorpal)
rCold   . . .      Faith    .   (no shield)
rNeg    . . .      Spirit   .   a - +0 robe
rPois   .          Reflect  .   (helmet restricted)
rElec   .          Harm     .   (no cloak)
rCorr   .          Rampage  .   (no gloves)
Will    .....                   (no boots)
Stlth   ++........              (no amulet)
HPRegen 0.08/turn               (no ring)
MPRegen 0.10/turn               (no ring)

@: no status effects
A: hooves 1, horns 1
a: no special abilities


You were on level 2 of the Dungeon.
You visited 1 branch of the dungeon, and saw 2 of its levels.

You collected 67 gold pieces.


Innate Abilities, Weirdness & Mutations

You have large cloven feet.
You have a pair of small horns on your head.


   Skills:
 - Level 1.7 Dodging
 - Level 1.7 Stealth
 + Level 2.9 Spellcasting
 + Level 4.6 Conjurations


You had 4 spell levels left.
You knew the following spells:

 Your Spells              Type           Power      Damage    Failure   Level
m - Magic Dart            Conj           84%        1d7       2%          1
s - Searing Ray           Conj           42%        3d4       3%          2

Your spell library contained the following spells:

 Spells                   Type           Power      Damage    Failure   Level
 Dazzling Flash           Conj/Hex       24%        N/A       17%         3
 Fulminant Prism          Conj/Hex       6%         3d7       50%         4
 Iskenderun's Mystic Bla  Conj/Tloc      12%        2d5       50%         4

Inventory:

Hand Weapons
 g - a +2 vorpal mace (weapon)
   (You found it on level 2 of the Dungeon)
Missiles
 d - 24 sling bullets
 e - 59 stones
 f - 8 arrows
Armour
 a - a +0 robe (worn)
Jewellery
 T - an amulet of faith {!P}
   (You found it on level 1 of the Dungeon)
Scrolls
 h - 2 scrolls of identify {unknown}
 i - a scroll of teleportation {unknown}
Potions
 b - 2 potions of curing {unknown}
 c - a potion of attraction {unknown}
 j - a potion of magic {unknown}

Dungeon Overview and Level Annotations

Branches:
Dungeon (2/15)

Altars:

Annotations:
D:2 Crazy Yiuf

###### #....# ### ♣♣#### #....#
#)..#♣♣ ♣♣P)#)## #....#
#...g@♣♣♣♣)P))..###### ####....##
#...#♣..♣.P)))........ .........#
### ♣♣♣.♣.))#.......# ......####
♣♣♣♣♣##.......# ......# #.......#
......# ### ####........ ..#####
#.## #..........# #.## #..#
#..).......#
...#############.#####..........#


You could see Crazy Yiuf.


Message History

You take 1 damage, and now have 18/24 hp.
You are too injured to fight recklessly!
You are too injured to fight recklessly!
You are too injured to fight recklessly!
You are too injured to fight recklessly!
You are too injured to fight recklessly!
You barely miss the goblin. Your kick misses the goblin.
The goblin barely misses you. 😕 HP[+1]
You closely miss the goblin. You kick the goblin, but do no damage.
The goblin hits you but does no damage. The goblin barely misses you.
You sock the goblin!
You kill the goblin!
A quokka comes into view.
Items here: ( )) †. 😕 MP[+1]
The magic dart hits the quokka. 😕 MP[-1]
You lost 1 mp, and now have 1/7 mp.
The magic dart hits the quokka.
You kill the quokka! 😕 MP[-1]
You lost 1 mp, and now have 0/7 mp.
Key pressed, stopping explore.
e - 55 stones (gained 9)
Things that are here:
a +0 dagger; a +0 hunting sling; a goblin corpse
h - a scroll labelled FUFOJA LOMN 😎 HP[+5] MP[+7]
Your hp is fully restored (24).
Your mp is fully restored (7).
i - a scroll labelled UDOMOUBRAC You now have 67 gold pieces (gained 5).
h - 2 scrolls labelled FUFOJA LOMN (gained 1)
j - a fizzy golden potion
Found a stone staircase leading down.
A kobold comes into view. It is wielding a +0 club.
The kobold shouts!
The magic dart hits the kobold but does no damage. 😎 MP[-1]
You lost 1 mp, and now have 6/7 mp.
The magic dart hits the kobold. 😎 MP[-1]
You lost 1 mp, and now have 5/7 mp.
The magic dart hits the kobold. 😎 MP[-1]
You lost 1 mp, and now have 4/7 mp.
The magic dart hits the kobold.
You kill the kobold! 😎 MP[-1]
You lost 1 mp, and now have 3/7 mp.
Found a stone staircase leading up.
e - 59 stones (gained 4)
You see here a +0 club. 😎 MP[+4]
Your mp is fully restored (7).
Key pressed, stopping explore.
You see here a +0 dagger.
Key pressed, stopping explore.
You open the door.
You see here a +0 robe.
Found a stone staircase leading up.
You see here a +0 dagger.
There is an escape hatch in the ceiling here.
Things that are here:
a +0 dagger; a +0 hunting sling; a goblin skeleton
There is an open door here.
You see here a +0 dagger.
You see here a +0 mace.
You see here a +0 mace.
You see here a +0 mace.
Crazy Yiuf shouts!
Could not explore, unopened runed door.
You open the door.
Casting: Magic Dart (safe; 2% risk of failure)
Confirm with . or Enter, or press ? or * to list all spells.
Aiming: Searing Ray (safe; 3% risk of failure)
Press: ? - help, Shift-Dir - straight line, f - Crazy Yiuf
Aim: Crazy Yiuf, wielding a +2 quarterstaff of chaos and wearing a +2 cloak of willpower (81% to hit)
The searing ray misses Crazy Yiuf. (Press . to maintain the ray.) Crazy Yiuf closely misses you. 😎 MP[-2]
You lost 2 mp, and now have 5/7 mp.
The searing ray hits Crazy Yiuf.
Crazy Yiuf closely misses you. 😎 MP[-1]
You lost 1 mp, and now have 4/7 mp.
The searing ray hits Crazy Yiuf.
Crazy Yiuf hits you with a +2 quarterstaff of chaos!
Ouch! That really hurt!
* * * LOW HITPOINT WARNING * * *
Crazy Yiuf burns you.
* * * LOW HITPOINT WARNING * * *
😱 HP[-18] MP[-1]
You take 18 damage, and now have 6/24 hp.
MASSIVE DAMAGE!! (PAUSE)
You lost 1 mp, and now have 3/7 mp.
The searing ray hits Crazy Yiuf!
You finish channeling your searing ray.
Crazy Yiuf hits you with a +2 quarterstaff of chaos!
Ouch! That really hurt!
You die...

Action                   || total
-------------------------++-------
Melee: Unarmed           ||    12
       Headbutt          ||     1
       Mace              ||     7
       Kick              ||     1
 Cast: Magic Dart        ||    76
       Searing Ray       ||     1
  Use: Scroll            ||     1
Armor: Robe              ||     5
Dodge: Dodged            ||    23

Levels and vault maps discovered:
D:1:      eino_arrival_druids_welcome, layout_basic, serial_bayou,
          serial_bayou_crossing, serial_bayou_pond_d, serial_bayou_ford_a,
          serial_bayou_pond_b, serial_bayou_shore_a
D:2:      layout_basic, uniq_crazy_yiuf_cottage

Notes
Turn   | Place    | Note
-------+----------+-------------------------------------------
     0 | D:1      | spiderkeys the Demonspawn Conjurer began the quest for the
                  | Orb.
     0 | D:1      | Reached XP level 1. HP: 13/13 MP: 3/3
     0 | D:1      | magus.rc [v1.9.10]
   575 | D:1      | You feel monstrous as your demonic heritage exerts itself.
   575 | D:1      | Gained mutation: You have a pair of small horns on your
                  | head. [demonic ancestry]
   575 | D:1      | Reached XP level 2. HP: 19/19 MP: 1/5
   579 | D:1      | Learned a level 2 spell: Searing Ray
  1520 | D:2      | Gained mutation: You have large cloven feet. [demonic
                  | ancestry]
  1520 | D:2      | Reached XP level 3. HP: 24/24 MP: 0/7
  2242 | D:2      | Found a runed translucent door.
  2243 | D:2      | Noticed Crazy Yiuf
  2249 | D:2      | HP: 6/24 [Crazy Yiuf (4)]
  2250 | D:2      | Mangled by Crazy Yiuf

Vanquished Creatures
  2 bats (D:1)
  3 endoplasms
  3 hobgoblins (D:1)
  9 jackals
  A quokka (D:2)
  2 ball pythons (D:2)
  2 frilled lizards
  7 goblins
  5 kobolds
  2 rats (D:1)
36 creatures vanquished.

Vanquished Creatures (collateral kills)
  A goblin (D:1)
1 creature vanquished.

Grand Total: 37 creatures vanquished

Table legend:
 A = Non-vault XP
 B = Vault XP
 C = Vault XP percentage of total XP
 D = Non-vault monster count
 E = Vault monster count
 F = Vault count percentage of total count
                 A         B        C        D         E       F
            +---------+---------+-------+---------+---------+-------
      Total |      58 |       5 |   7.9 |      34 |       3 |   8.1
            +---------+---------+-------+---------+---------+-------
        D:1 |      26 |       5 |  16.1 |      15 |       3 |  16.7
        D:2 |      32 |       0 |   0.0 |      19 |       0 |   0.0
            +---------+---------+-------+---------+---------+-------

Illustrated notes

Table legend:
 A = Kills in this place as a percentage of kills in entire the game.
 B = Kills by you in this place as a percentage of kills by you in the entire game.
 C = Kills by friends in this place as a percentage of kills by friends in the entire game.
 D = Other kills in this place as a percentage of other kills in the entire game.
 E = Experience gained in this place as a percentage of experience gained in the entire game.
 F = Experience gained in this place divided by the number of levels of this place that you have seen.
                   A       B       C       D       E      F
               +-------+-------+-------+-------+-------+----------------------
         Total | 100.0 | 100.0 | 100.0 |   N/A | 100.0 |  31.5
       Dungeon | 100.0 | 100.0 | 100.0 |   N/A | 100.0 |  31.5
               +-------+-------+-------+-------+-------+----------------------

Table legend: (Time is in decaauts)
 A = Elapsed time spent in this place.
 B = Non-inter-level travel time spent in this place.
 C = Inter-level travel time spent in this place.
 D = Time resting spent in this place.
 E = Time spent auto-exploring this place.
 F = Levels seen in this place.
 G = Mean time per level.
                   A        B        C        D        E       F      G
               +--------+--------+--------+--------+--------+-----+--------+
         Total |   2295 |   2255 |     40 |      0 |   2048 |   2 | 1147.5 |
       Dungeon |   2295 |   2255 |     40 |      0 |   2048 |   2 | 1147.5 |
               +--------+--------+--------+--------+--------+-----+--------+

Top non-repeatable levels by time:
     D:1: 1352 daAuts
     D:2: 943 daAuts
